 Dungeon Crawl Stone Soup version 0.28.0-49-g6dfe1f597d (webtiles) character file.

Game seed: 5219290028690428337

2454 pkoi the Martial Artist (level 9, -10/71 (72) HPs)
             Began as a Demigod Gladiator on May 13, 2022.
             Killed from afar by a steam dragon (20 damage)
             ... with a ball of steam
             ... on level 6 of the Dungeon.
             The game lasted 00:14:03 (10039 turns).

pkoi the Martial Artist (Demigod Gladiator)        Turns: 10039, Time: 00:14:03

HP:   -10/71 (72)   AC:  9    Str: 19    XL:     9   Next: 5%
MP:   11/11         EV: 12    Int: 14    God:
Gold: 260           SH:  6    Dex: 19    Spells: 8/8 levels left

rFire   . . .      SeeInvis .     - Unarmed
rCold   . . .      Faith    .   B - +2 buckler
rNeg    . . .      Spirit   .   g - +0 scale mail
rPois   .          Reflect  .   e - +0 helmet
rElec   .          Harm     .   (no cloak)
rCorr   .          Rampage  .   (no gloves)
Will    .....                   v - +0 pair of boots
Stlth   ..........              i - amulet of magic regeneration
HPRegen 0.21/turn               (no ring)
MPRegen 0.52/turn               (no ring)

@: lightly drained
A: high MP 1, forlorn, divine attributes
a: no special abilities


You were on level 6 of the Dungeon.
You visited 1 branch of the dungeon, and saw 7 of its levels.

You collected 260 gold pieces.

Inventory:

Hand Weapons
 b - a +1 hunting sling of freezing
 c - a +0 rapier
Missiles
 a - 5 throwing nets (quivered)
 d - 5 atropa-tipped darts
 f - 220 stones
 p - 5 curare-tipped darts
 s - 47 sling bullets
Armour
 e - a +0 helmet (worn)
 g - a +0 scale mail (worn)
 k - a +0 leather armour
 v - a +0 pair of boots (worn)
 B - a +2 buckler (worn)
Jewellery
 i - an amulet of magic regeneration (around neck)
Wands
 w - a wand of iceblast (23)
 A - a wand of mindburst (21)
Scrolls
 h - 2 scrolls of vulnerability
 q - a scroll of immolation
 r - 3 scrolls of teleportation
 u - 5 scrolls of identify
 y - a scroll of fog
 z - a scroll of fear {unknown}
Potions
 j - a potion of curing
 l - a potion of flight
 m - a potion of berserk rage
 n - a potion of haste
 o - a potion of magic
 t - 2 potions of attraction
 x - a potion of mutation {unknown}


   Skills:
 + Level 4.7 Fighting
 - Level 1.7 Throwing
 + Level 4.2 Armour
 + Level 5.3 Dodging
 + Level 0.2 Shields
 * Level 8.8 Unarmed Combat


You had 8 spell levels left.
You didn't know any spells.
Your spell library contained the following spells:

 Spells                   Type           Power      Damage    Failure   Level
 Foxfire                  Conj/Fire      0%         2x1d4     75%         1
 Corpse Rot               Necr/Air       0%         N/A       86%         2
 Poisonous Vapours        Pois/Air       0%         N/A       86%         2
 Sublimation of Blood     Necr           0%         N/A       86%         2
 Wereblood                Tmut           0%         N/A       86%         2
 Conjure Flame            Conj/Fire      0%         6-21      98%         3
 Inner Flame              Hex/Fire       0%         N/A       98%         3
 Cause Fear               Hex            0%         N/A       100%        4
 Flame Wave               Conj/Fire      0%         2d4       100%        4
 Summon Hydra             Summ           0%         N/A       100%        7
 Discord                  Hex            0%         N/A       100%        8


Dungeon Overview and Level Annotations

Branches:
Dungeon (7/15)
 Temple: D:4-7

Shops:
D:4 *


Innate Abilities, Weirdness & Mutations

You have an increased reservoir of magic. (+10% MP)
You shall have no god before yourself.
Your divine heritage dramatically boosts your attributes as you level up.


Message History

The steam dragon is heavily wounded.
You block the steam dragon's attack. x2
You barely miss the steam dragon.
The steam dragon is heavily wounded.
The steam dragon bites you.
* * * LOW HITPOINT WARNING * * *
The steam dragon closely misses you.
You closely miss the steam dragon.
The steam dragon is heavily wounded.
The steam dragon barely misses you. The steam dragon closely misses you.
You hit the steam dragon.
The steam dragon is severely wounded.
The steam dragon breathes steam at you. The ball of steam misses you.
You hit the steam dragon but do no damage.
The steam dragon is severely wounded.
You are engulfed in a cloud of scalding steam.
* * * LOW HITPOINT WARNING * * *
Unknown command.
You barely miss the steam dragon.
The steam dragon is severely wounded.
You are engulfed in a cloud of scalding steam.
You block the steam dragon's attack. The steam dragon barely misses you.
Unknown command.
You hit the steam dragon.
The steam dragon is almost dead.
You are engulfed in a cloud of scalding steam.
* * * LOW HITPOINT WARNING * * *
You block the steam dragon's attack. x2
Unknown command.
You hit the steam dragon but do no damage.
The steam dragon is almost dead.
The steam dragon barely misses you.
The steam dragon claws you but does no damage.
Unknown command.
You hit the steam dragon.
The steam dragon is almost dead.
The steam dragon breathes steam at you. The ball of steam hits you!!
You die...

#......#
####...#.##.#######
###......# ###.#.##....##..
#........## #...#####.#..#
###.######..#
#####..##........ ....#
##.#####.........######.
#####
#.......####....######.
##....### #..##...|....
###.#..# #.######..... #
####...##@# #.###......#.
### #....####D#
##.##..#.##... ..###
##.#### #[# #<.#..#..####.
#>..###..# #.###.......##
## ###.....## #......##.###
#
......###########....#...#
#
#####..###.......[##...###
## ######...#.##.######.###
#.
#..........##.#####....####
#.


You could see a steam dragon (catching breath).

Vanquished Creatures
  Menkaure (D:6)
  Edmund (D:6)
  2 black bears
  A hornet zombie (D:7)
  2 necrophages (D:5)
  2 ice beasts (D:5)
  A centaur (D:6)
  4 ogres
  A gnoll sergeant (D:7)
  A scorpion (D:6)
  A wyvern skeleton (D:6)
  3 water moccasin skeletons
  3 wights
  4 howler monkeys
  A jelly (D:7)
  3 hounds
  A bullfrog skeleton (D:6)
  4 iguanas
  An orc wizard (D:4)
  A killer bee zombie (D:6)
  Robin (D:3)
  12 gnolls
  7 adders
  A shadow imp (D:7)
  A white imp (D:6)
  2 ufetubi
  An adder skeleton (D:4)
  3 worms (D:2)
  4 dart slugs
  8 orcs
  5 endoplasms
  4 giant cockroaches
  9 goblins
  7 hobgoblins
  5 jackals
  5 quokkas
  4 ball pythons
  5 bats
  3 frilled lizards (D:2)
  4 kobolds
  7 rats
136 creatures vanquished.

Notes
Turn   | Place    | Note
-------+----------+-------------------------------------------
     0 | D:1      | pkoi the Demigod Gladiator began the quest for the Orb.
     0 | D:1      | Reached XP level 1. HP: 17/17 MP: 3/3
   276 | D:1      | Reached skill level 3 in Unarmed Combat
   623 | D:1      | Reached XP level 2. HP: 17/24 MP: 4/4
  2026 | D:2      | Reached XP level 3. HP: 29/29 MP: 5/5
  2220 | D:2      | Reached skill level 1 in Armour
  2511 | D:3      | Noticed Robin
  2522 | D:3      | Killed Robin
  2547 | D:3      | Reached XP level 4. HP: 33/37 MP: 6/6
  3271 | D:3      | Reached XP level 5. HP: 28/42 MP: 7/7
  4161 | D:4      | Reached skill level 4 in Unarmed Combat
  4450 | D:4      | Reached XP level 6. HP: 35/51 MP: 8/8
  4826 | D:4      | Found Woal Fiu's Assorted Antiques.
  4952 | D:5      | Entered Level 5 of the Dungeon
  5493 | D:5      | Reached XP level 7. HP: 58/58 MP: 9/9
  5671 | D:5      | Reached skill level 5 in Unarmed Combat
  6367 | D:5      | Reached skill level 6 in Unarmed Combat
  6653 | D:6      | Noticed Edmund
  7289 | D:6      | Reached XP level 8. HP: 65/66 MP: 10/10
  7355 | D:6      | Reached skill level 7 in Unarmed Combat
  7492 | D:6      | Killed Edmund
  7608 | D:6      | Noticed Menkaure
  7614 | D:6      | Killed Menkaure
  7635 | D:6      | Reached skill level 8 in Unarmed Combat
  8873 | D:7      | Reached skill level 5 in Dodging
  9645 | D:7      | Reached XP level 9. HP: 56/72 MP: 11/11
 10039 | D:6      | Killed from afar by a steam dragon

Illustrated notes

Levels and vault maps discovered:
D:1:      doesnt_arrival_eight_statues, layout_basic
D:2:      layout_basic, nicolae_wormholes
D:3:      layout_loops_ring, roderic_serpentine_path, st_stairs_9, uniq_robin
D:4:      layout_cave_pools, serial_shops, kennysheep_mini_moat,
          amethyst_killhole, kennysheep_crisscross
D:5:      layout_gridville
D:6:      layout_rooms, kennysheep_nub, uniq_menkaure, uniq_edmund
D:7:      layout_basic, makhleb_grotto_becter, minmay_temple_entry_grid

Skill      XL: |  1  2  3  4  5  6  7  8 |
---------------+-------------------------+-----
Unarmed Combat | 3 4 6 8 |  8.8
Fighting       | 2 3 4 |  4.7
Dodging        | 3 4 5 |  5.3
Armour         | 1 2 3 4 |  4.2
Throwing       | |  1.7
Shields        | |  0.2

Action                   |  1- 3 |  4- 6 |  7- 9 || total
-------------------------+-------+-------+-------++-------
Melee: Unarmed           |    45 |    92 |   227 ||   364
       Rapier            |     4 |       |       ||     4
       Punch             |       |       |    11 ||    11
 Fire: Hunting sling     |   135 |   117 |   146 ||   398
  Use: Scroll            |     4 |     3 |     6 ||    13
       Potion            |       |       |     2 ||     2
Armor: Scale mail        |    41 |    54 |   106 ||   201
Dodge: Dodged            |    36 |    91 |   169 ||   296
Block: Buckler           |       |       |    25 ||    25
